 Dungeon Crawl Stone Soup version 0.32-a0-900-g30fb1b0edc (webtiles) character file.

Game seed: 12606820520234162078

457 Biggs the Shooter (level 7, -3/50 HPs)
             Began as a Coglin Hunter on Apr 5, 2024.
             Slain by Edmund
             ... wielding a +2 heavy flail
              (17 damage)
             ... on level 5 of the Dungeon.
             The game lasted 00:04:15 (3437 turns).

Biggs the Shooter (Coglin Hunter)                   Turns: 3437, Time: 00:04:16

Health: -3/50      AC:  4    Str: 11    XL:     7   Next: 6%
Magic:  7/7        EV: 11    Int:  8    God:
Gold:   213        SH:  0    Dex: 20    Spells: 6/6 levels left

rFire   . . .        a - +2 sling {Anan}
rCold   . . .        d - +0 sling {Yongsun}
rNeg    . . .        c - +0 leather armour
rPois   .            h - +0 helmet
rElec   .            (no cloak)
rCorr   .            (no gloves)
SInv    .            (no boots)
Will    .....        (amulet unavailable)
Stlth   ++           (ring unavailable)
HPRegen 0.28/turn    (ring unavailable)
MPRegen 0.10/turn    (no gizmo)

%: no passive effects
@: revved
A: off-hand wielding, slow wielding, warmup strikes, no jewellery
a: Invent Gizmo


You were on level 5 of the Dungeon.
You visited 1 branch of the dungeon, and saw 5 of its levels.

You collected 213 gold pieces.

Inventory:

Hand Weapons
 a - a +2 sling (weapon) {Anan}
 d - a +0 sling (offhand) {Yongsun}
Armour
 c - a +0 leather armour (worn)
 h - a +0 helmet (worn)
Wands
 j - a wand of flame (8)
Scrolls
 b - a scroll of butterflies
 f - 4 scrolls of poison {unknown}
 k - 2 scrolls of teleportation {unknown}
 l - a scroll of revelation {unknown}
 m - 2 scrolls of immolation {unknown}
 n - a scroll of blinking {unknown}
 o - a scroll of amnesia {unknown}
 p - 3 scrolls of identify {unknown}
 r - a scroll of brand weapon {unknown}
Potions
 e - a potion of might
 g - a potion of experience {unknown}
 i - 4 potions of enlightenment {unknown}
 q - a potion of heal wounds {unknown}


   Skills:
 - Level 2.0 Fighting
 + Level 7.5 Ranged Weapons
 - Level 1.7 Dodging
 - Level 0.7 Stealth


You had 6 spell levels left.
You didn't know any spells.
Your spell library contained the following spells:

 Spells                   Type           Power      Damage    Failure   Level
 Freeze                   Ice            0%         1d3       50%         1
 Frozen Ramparts          Ice            0%         1d1       86%         3
 Hailstorm                Conj/Ice       0%         3d5       86%         3


Dungeon Overview and Level Annotations

Branches:
Dungeon (5/15)
 Temple: D:4-7

Altars:
Fedhas
Qazlal
Ru
Sif Muna

Shops:
D:1 [

Annotations:
D:5 Edmund


Innate Abilities, Weirdness & Mutations

You can wield a second weapon in your off-hand.
It takes a long time for you to wield or remove held weapons.
Your first few attacks do less damage.
You cannot equip rings or amulets.


Message History

You shoot a sling bullet.
The sling bullet hits Edmund but does no damage.
Edmund is heavily wounded.
Unknown command.
You shoot a sling bullet. The sling bullet barely misses Edmund.
You shoot a sling bullet. The sling bullet barely misses Edmund.
Edmund hits you with a +2 heavy flail!
You shoot a sling bullet. The sling bullet closely misses Edmund.
You shoot a sling bullet. The sling bullet hits Edmund!
Edmund is severely wounded.
Edmund hits you with a +2 heavy flail!
Unknown command.
You shoot a sling bullet.
The sling bullet hits Edmund but does no damage.
Edmund is severely wounded.
You shoot a sling bullet. The sling bullet hits Edmund.
Edmund is severely wounded.
Unknown command.
You shoot a sling bullet.
The sling bullet hits Edmund but does no damage.
Edmund is severely wounded.
You shoot a sling bullet.
The sling bullet hits Edmund but does no damage.
Edmund is severely wounded.
Edmund hits you with a +2 heavy flail!
You are too injured to fight recklessly!
Unknown command.
You are too injured to fight recklessly!
Unknown command.
You are too injured to fight recklessly!
You shoot a sling bullet. The sling bullet closely misses Edmund.
You shoot a sling bullet. The sling bullet hits Edmund!
Edmund is almost dead.
Edmund hits you with a +2 heavy flail.
* * * LOW HITPOINT WARNING * * *
You shoot a sling bullet. The sling bullet barely misses Edmund.
You shoot a sling bullet. The sling bullet barely misses Edmund.
Edmund hits you with a +2 heavy flail!
You die...
Edmund whines, "They better pay attention to me now!"

#. .#
###.#.######
#......)....
#..?......# #
#.........# ..
.###.........#.#
........@......#
#...@.....#
#.......=.#
#.....<...#
#.......[.....
############..


You could see Edmund.

Vanquished Creatures
  A phantom (D:4)
  A howler monkey (D:4)
  A hound (D:4)
  A jelly (D:4)
  An orc priest (D:4)
  2 iguanas
  An orc wizard (D:4)
  Robin (D:2)
  4 gnolls (D:2)
  3 adders
  A ribbon worm (D:5)
  2 dart slugs
  10 orcs
  6 ball pythons
  4 bats
  5 endoplasms
  2 giant cockroaches (D:1)
  10 goblins
  9 hobgoblins
  5 jackals
  6 kobolds
  2 quokkas
  5 frilled lizards
  8 rats
91 creatures vanquished.

Notes
Turn   | Place    | Note
-------+----------+-------------------------------------------
     0 | D:1      | Biggs the Coglin Hunter began the quest for the Orb.
     0 | D:1      | Reached XP level 1. HP: 16/16 MP: 1/1
   144 | D:1      | Reached skill level 4 in Ranged Weapons
   144 | D:1      | Reached XP level 2. HP: 22/22 MP: 2/2
   155 | D:1      | Found Ughoh's Armour Emporium.
   596 | D:1      | Reached XP level 3. HP: 27/27 MP: 3/3
   955 | D:2      | Noticed Robin
   959 | D:2      | Killed Robin
   965 | D:2      | Reached skill level 5 in Ranged Weapons
   987 | D:2      | Reached XP level 4. HP: 33/33 MP: 4/4
  1340 | D:2      | Reached XP level 5. HP: 38/38 MP: 5/5
  1872 | D:3      | Noticed an air elemental
  1873 | D:3      | Found a stormy altar of Qazlal.
  1876 | D:3      | Noticed a fire elemental
  1876 | D:3      | Noticed a water elemental
  2591 | D:4      | Found a shimmering blue altar of Sif Muna.
  2607 | D:4      | Reached skill level 6 in Ranged Weapons
  2715 | D:4      | Noticed a phantom
  2726 | D:4      | Killed a phantom
  2727 | D:4      | Reached XP level 6. HP: 24/44 MP: 6/6
  2801 | D:4      | Found a blossoming altar of Fedhas.
  2802 | D:4      | Found a sacrificial altar of Ru.
  2887 | D:4      | Reached skill level 7 in Ranged Weapons
  3290 | D:5      | Entered Level 5 of the Dungeon
  3298 | D:5      | Reached XP level 7. HP: 25/50 MP: 7/7
  3425 | D:5      | Noticed Edmund
  3437 | D:5      | Slain by Edmund

Illustrated notes

Levels and vault maps discovered:
D:1:      minmay_arrival_doors, layout_loops_corners, serial_shops, shop,
          nicolae_kite_square_tiling_tiny
D:2:      layout_loops_ring, serial_rivers, chequers_serial_rivers_room_a,
          chequers_serial_rivers_small_3, chequers_serial_rivers_small_a,
          chequers_serial_rivers_room_a, chequers_decorated_corner, uniq_robin
D:3:      minmay_angry_zag, layout_basic, nicolae_qazlal_style_of_elements
D:4:      layout_loops_ring, old_standard_altar,
          mainiacjoe_overflow_divided_tiny, minivault_26
D:5:      layout_loops_ring, minmay_stone_trees_medium, uniq_edmund

Skill      XL: |  1  2  3  4  5  6 |
---------------+-------------------+-----
Ranged Weapons | 4 5 6 7 |  7.5
Fighting       | |  2.0
Dodging        | |  1.7
Stealth        | |  0.7

Action                     |  1- 3 |  4- 6 |  7- 9 || total
---------------------------+-------+-------+-------++-------
   Fire: Sling             |   134 |   282 |    42 ||   458
    Use: Potion            |     3 |       |       ||     3
 Armour: Leather armour    |     6 |    38 |     9 ||    53
  Dodge: Dodged            |     3 |    31 |     2 ||    36

Table legend: (Time is in decaauts)
 A = Elapsed time spent in this place.
 B = Non-inter-level travel time spent in this place.
 C = Inter-level travel time spent in this place.
 D = Time resting spent in this place.
 E = Time spent auto-exploring this place.
 F = Levels seen in this place.
 G = Mean time per level.
                   A        B        C        D        E       F      G
               +--------+--------+--------+--------+--------+-----+--------+
         Total |   3479 |   3337 |    142 |      0 |   2909 |   5 |  695.8 |
       Dungeon |   3479 |   3337 |    142 |      0 |   2909 |   5 |  695.8 |
               +--------+--------+--------+--------+--------+-----+--------+

Top non-repeatable levels by time:
     D:2: 912 daAuts
     D:3: 842 daAuts
     D:1: 824 daAuts
     D:4: 751 daAuts
     D:5: 148 daAuts
